 Dungeon Crawl Stone Soup version 0.30.0-29-ga12c61a403 (webtiles) character file.

Game seed: 1938206966132316470

58 Graphine the Covered (level 3, 0/33 HPs)
             Began as a Minotaur Fighter on June 16, 2023.
             Slain by a goblin
             ... wielding a +0 club
             ... led by Robin
              (2 damage)
             ... on level 3 of the Dungeon.
             The game lasted 00:02:01 (1029 turns).

Graphine the Covered (Minotaur Fighter)             Turns: 1029, Time: 00:02:02

Health: 0/33       AC:  7    Str: 22    XL:     3   Next: 75%
Magic:  2/2        EV:  9    Int:  5    God:
Gold:   80         SH:  4    Dex:  9    Spells: 2/2 levels left

rFire   . . .        a - +0 flail
rCold   . . .        c - +0 buckler
rNeg    . . .        b - +0 scale mail
rPois   .            (helmet restricted)
rElec   .            (no cloak)
rCorr   .            (no gloves)
SInv    .            (no boots)
Will    .....        (no amulet) Stlth
                     (no ring)
HPRegen 0.25/turn    (no ring)
MPRegen 0.08/turn

%: no passive effects
@: lethally poisoned (0 -> -14)
A: horns 2, retaliatory headbutt
a: no special abilities


You were on level 3 of the Dungeon.
You visited 1 branch of the dungeon, and saw 3 of its levels.

You collected 80 gold pieces.

Inventory:

Hand Weapons
 a - a +0 flail (weapon)
 h - a +0 mace
Armour
 b - a +0 scale mail (worn)
 c - a +0 buckler (worn)
Potions
 d - a potion of might
 i - 2 potions of resistance


   Skills:
 + Level 4.2 Fighting
 + Level 3.2 Maces & Flails
 + Level 4.2 Armour
 + Level 4.2 Shields


You had 2 spell levels left.
You didn't know any spells.
Your spell library contained the following spells:

 Spells                   Type           Power      Damage    Failure   Level
 Magic Dart               Conj           0%         1d3       86%         1
 Searing Ray              Conj           0%         2d4       94%         2
 Fulminant Prism          Conj/Hex       0%         3d5       100%        4


Dungeon Overview and Level Annotations

Branches:
Dungeon (3/15)

Altars:

Annotations:
D:2 Robin
D:3 Terence


Innate Abilities, Weirdness & Mutations

You have a pair of horns on your head.
You reflexively headbutt those who attack you in melee.


Message History

There is a stone staircase leading down here.
Hit: a) +0 flail
Press: ? - help, Dir - move target, f - Jessica
Aim: Jessica, wielding a +0 dagger and wearing a +0 robe (about 46% to evade your +0 flail)
You sock Jessica!
You kill Jessica!
An adder comes into view.
A hobgoblin comes into view.
Robin roars a battlecry!
The goblins go into a battle-frenzy!
The grasping roots constrict you.
A goblin comes into view. It is wielding a +0 club.
You block Terence's attack.
Hit: a) +0 flail
Press: ? - help, Dir - move target, f - goblin
Aim: a goblin, wielding a +0 club (about 55% to evade your +0 flail)
You closely miss the goblin. You headbutt the goblin.
The goblin is severely wounded.
The goblin shoots a sling bullet.
The sling bullet hits you but does no damage.
The goblin hits you but does no damage. Robin throws the goblin at you!
The grasping roots constrict you. You block Terence's attack.
The grasping roots release their grip on you.
The goblin hits you but does no damage. You block the goblin's attack. x2
Terence hits you with a +1 short sword of venom.
You are poisoned.
You climb downwards.
You feel very sick.
There is a stone staircase leading up here.
Hit: a) +0 flail
Press: ? - help, Dir - move target, f - Terence
Aim: Terence, wielding a +1 short sword of venom and wearing a +0 scale mail (moderately wounded, about 42% to evade your +0 flail)
You hit Terence.
Terence is heavily wounded.
You feel sick. The goblin hits you with a +0 club.
* * * LOW HITPOINT WARNING * * *
Terence hits you with a +1 short sword of venom.
* * * LOW HITPOINT WARNING * * *
You are more poisoned.
The goblin closely misses you. The goblin hits you with a +0 club.
You die...

### .. ###
#.
.....#@##
#..g@#
###.gg...#
........#
....###.#.#
...... ..
.# ......
### # ....?
#.#.#


You could see Terence and 3 goblins.

Vanquished Creatures
  Jessica (D:2)
  3 ball pythons (D:1)
  3 bats (D:1)
  4 endoplasms
  2 giant cockroaches (D:1)
  2 goblins (D:2)
  3 hobgoblins
  4 quokkas
  2 frilled lizards
  4 rats (D:1)
28 creatures vanquished.

Notes
Turn   | Place    | Note
-------+----------+-------------------------------------------
     0 | D:1      | Graphine the Minotaur Fighter began the quest for the Orb.
     0 | D:1      | Reached XP level 1. HP: 19/19 MP: 0/0
   128 | D:1      | Reached XP level 2. HP: 27/27 MP: 1/1
   224 | D:1      | Found a faded altar of an unknown god.
   923 | D:2      | Noticed Robin
   927 | D:2      | Reached XP level 3. HP: 17/33 MP: 2/2
   929 | D:2      | Noticed Terence
  1024 | D:2      | Noticed Jessica
  1025 | D:2      | Killed Jessica
  1029 | D:3      | Slain by a goblin

Illustrated notes

Levels and vault maps discovered:
D:1:      zelgadis_glass_arrival_small, layout_basic,
          shapermc_ecumenical_altar_notcrosses, roderic_serpentine_path,
          serial_park_tiny_pond
D:2:      wander_river, layout_loops_ring, minmay_misc_feat_ornament,
          uniq_terence, uniq_robin, uniq_jessica
D:3:      layout_basic, uniq_sigmund

Skill      XL: |  1  2 |
---------------+-------+-----
Fighting       | 4 |  4.2
Shields        | 4 |  4.2
Armour         | 4 |  4.2
Maces & Flails | 3 |  3.2

Action                     || total
---------------------------++-------
  Melee: Flail             ||    55
         Headbutt          ||    10
    Use: Scroll            ||     5
 Armour: Scale mail        ||    32
  Dodge: Dodged            ||    29
  Block: Buckler           ||    15
